 Dungeon Crawl Stone Soup version 0.30-a0-782-ge64f9170bb (webtiles) character file.

Game seed: 13586993858328356989

310 Pimp the Stinger (level 6, 0/37 HPs)
             Began as an Octopode Venom Mage on Feb 18, 2023.
             Splashed by a jelly's acid (9 damage)
             ... on level 5 of the Dungeon.
             The game lasted 00:14:50 (4424 turns).

Pimp the Stinger (Octopode Venom Mage)              Turns: 4424, Time: 00:14:50

Health: 0/37       AC: -9    Str:  7    XL:     6   Next: 41%
Magic:  10/10      EV: 14    Int: 18    God:
Gold:   225        SH:  0    Dex: 14    Spells: 5/11 levels left

rFire   . . .      SeeInvis +    o - +0 dagger (venom)
rCold   . . .      Faith    .    (no shield)
rNeg    . . .      Spirit   .    (helmet restricted)
rPois   .          Reflect  .    (no amulet)
rElec   .          Harm     .    b - ring of wizardry
rCorr   .          Rampage  .    l - ring of see invisible
Will    +....                    (no ring)
Stlth   ++++                     (no ring)
HPRegen 0.26/turn                (no ring)
MPRegen 0.12/turn                (no ring)
                                 (no ring)
                                 (no ring)

@: corroded
A: almost no armour, amphibious, 8 rings, camouflage 1, gelatinous body 1,
(nimble swimmer 1), tentacles, iridescent scales 1, strong-willed 1
a: no special abilities


You were on level 5 of the Dungeon.
You visited 1 branch of the dungeon, and saw 5 of its levels.

You collected 225 gold pieces.

Inventory:

Hand Weapons
 c - a +0 dagger
 e - a +0 dagger of draining
 o - a +0 dagger of venom (weapon)
Missiles
 k - 2 atropa-tipped darts
Jewellery
 b - a ring of wizardry (left tentacle)
 l - a ring of see invisible (right tentacle)
Wands
 m - a wand of light (12)
 u - a wand of polymorph (4)
Scrolls
 d - a scroll of poison {unknown}
 g - 4 scrolls of identify
 h - a scroll of magic mapping
 n - a scroll of noise {unknown}
 q - a scroll of blinking
 s - 4 scrolls of teleportation {unknown}
 t - a scroll of amnesia {unknown}
Potions
 a - a potion of magic
 f - a potion of attraction {unknown}
 i - 3 potions of curing
 j - 3 potions of degeneration {unknown}
 p - a potion of resistance {unknown}
 r - a potion of cancellation {unknown}


   Skills:
 + Level 0.8 Fighting
 + Level 0.9 Short Blades
 + Level 3.2 Dodging
 + Level 4.4 Stealth
 + Level 3.1 Spellcasting
 + Level 0.8 Conjurations
 + Level 2.6 Transmutations
 + Level 4.8 Poison Magic


You had 5 spell levels left.
You knew the following spells:

 Your Spells              Type           Power      Damage    Failure   Level
a - Sting                 Tmut/Pois      64%        1d6       1%          1
b - Poisonous Vapours     Pois/Air       22%        N/A       3%          2
c - Mephitic Cloud        Conj/Pois/Air  9%         N/A       9%          3

Your spell library contained the following spells:

 Spells                   Type           Power      Damage    Failure   Level
 Olgreb's Toxic Radiance  Pois           20%        N/A       9%          4


Dungeon Overview and Level Annotations

Branches:
Dungeon (5/15)
 Temple: D:4-7

Altars:
Fedhas
Makhleb

Shops:
D:1 (=[(

Annotations:
D:3 3 runed translucent doors, Sleet's ghost, amateur OpBr; patfeehan111222's ghost, weakling MiBe


Innate Abilities, Weirdness & Mutations

You cannot wear most types of armour.
You are amphibious.
You can wear up to eight rings at the same time.
Your skin changes colour to match your surroundings (Stealth+).
Your rubbery body absorbs attacks. (AC +1, EV +1)
((You are camouflaged when in or above water. (Stealth+)))
You have tentacles for arms and can constrict up to eight enemies at once.
You are partially covered in iridescent scales. (AC +2)
You are strong-willed. (Will+)


Message History

Done exploring.
There is a stone staircase leading down here.
You climb downwards.
There is a stone staircase leading up here.
There is a stone staircase leading up here.
You now have 225 gold pieces (gained 6).
Found a stone staircase leading down.
s - 4 scrolls labelled PUCSOARGHAI (gained 3)
There is a stone staircase leading down here.
Found 2 fizzy red potions.
j - 3 fizzy red potions (gained 2)
u - a wand of polymorph (4)
Found a dagger.
You see here a +0 dagger.
You open the door.
Found 4 stones.
A jelly comes into view.
There is an open door here.
Found a trident.
The jelly quivers.
You hit the jelly.
Your tentacles burn!
The jelly is lightly wounded.
You hit the jelly. The acid corrodes you!
Your tentacles burn!
The jelly is lightly wounded.
The jelly misses you.
You hit the jelly but do no damage.
The jelly is poisoned.
The acid corrodes you!
Your tentacles burn!
The jelly is lightly wounded.
The jelly closely misses you.
You hit the jelly but do no damage.
Your tentacles burn!
The jelly is lightly wounded.
The jelly hits you. The acid corrodes you!
You are splashed with acid!
You hit the jelly but do no damage.
Your tentacles burn!
* * * LOW HITPOINT WARNING * * *
You squeeze the jelly, but do no damage.
The jelly is lightly wounded.
The jelly hits you.
* * * LOW HITPOINT WARNING * * *
You are splashed with acid!
You die...

######.#.#...
#........####
#########.####.###
..............>#
#########.####.###
#..............#
####'#####.####.#.#
#.(.....##.#......#
#....@J.##.#.##.###
#.......##.#.##.#
#........##.#.##.#
#...$....##.#.##.#
#........##.#.##.#
...#+#+#####.#.##.#
... #.#....# .)
#.#####.#.####
#.........#


You could see a jelly (poisoned).

Vanquished Creatures
  A black bear (D:4)
  A howler monkey (D:4)
  An iguana (D:4)
  3 gnolls (D:3)
  2 adders
  4 worms
  11 orcs
  2 bats
  6 endoplasms
  2 giant cockroaches (D:2)
  12 goblins
  7 hobgoblins
  5 quokkas
  14 ball pythons
  3 frilled lizards
  5 kobolds
  4 rats
83 creatures vanquished.

Notes
Turn   | Place    | Note
-------+----------+-------------------------------------------
     0 | D:1      | Pimp the Octopode Venom Mage began the quest for the Orb.
     0 | D:1      | Reached XP level 1. HP: 11/11 MP: 3/3
    10 | D:1      | Found Uhaalom's Antique Armour Emporium.
   257 | D:1      | Found Ulonnep's Weapon Shoppe.
   267 | D:1      | Found Periemp's Jewellery Emporium.
   276 | D:1      | Reached XP level 2. HP: 17/17 MP: 5/5
   292 | D:1      | Found Vouhydae's Antique Weapon Emporium.
   381 | D:1      | Found a faded altar of an unknown god.
   666 | D:2      | Reached XP level 3. HP: 14/21 MP: 1/6
   892 | D:2      | Learned a level 2 spell: Poisonous Vapours
   896 | D:2      | Learned a level 3 spell: Mephitic Cloud
  1833 | D:3      | Reached XP level 4. HP: 27/27 MP: 7/7
  1837 | D:3      | Gained mutation: You are partially covered in iridescent
                  | scales. (AC +2) [potion of mutation]
  1837 | D:3      | Gained mutation: You are strong-willed. (Will+) [potion of
                  | mutation]
  1881 | D:3      | Found a blossoming altar of Fedhas.
  1938 | D:3      | Found a burning altar of Makhleb.
  1938 | D:3      | Noticed a blizzard demon
  2323 | D:3      | Found a runed translucent gate.
  2323 | D:3      | Found a runed translucent gate.
  2331 | D:3      | Found a runed translucent gate.
  2334 | D:3      | Noticed Sleet's ghost (amateur OpBr)
  2334 | D:3      | Noticed patfeehan111222's ghost (weakling MiBe)
  2842 | D:4      | Reached XP level 5. HP: 31/31 MP: 9/9
  3555 | D:4      | Noticed a black bear
  3570 | D:4      | Killed a black bear
  3571 | D:4      | Reached XP level 6. HP: 20/37 MP: 8/10
  4253 | D:5      | Entered Level 5 of the Dungeon
  4424 | D:5      | Splashed by a jelly's acid

Illustrated notes

Levels and vault maps discovered:
D:1:      minmay_arrival_diagonal_passages, layout_basic, serial_shops,
          nicolae_shop_hallway_stairs, nicolae_diamond_shop, shop,
          nicolae_diamond_shop, dreamdust_ecumenical_altar_statues
D:2:      layout_loops_ring, serial_co_window_serial, co_window_paths_b,
          co_window_corner_a, co_window_cross_1, co_window_paths_a,
          co_window_cross_1, co_window_cross_3, co_window_corner_b,
          co_window_broadway_b, co_window_corner_b, co_window_broadway_a,
          glass_columns_a, glass_columns_a, glass_columns_a, glass_columns_a
D:3:      layout_loops_ring, makhleb_altar_promises_db, fedhas_altar_fruit_tree,
          gammafunk_ghost_cemetery
D:4:      layout_layer_cave
D:5:      layout_basic

Skill      XL: |  1  2  3  4  5 |
---------------+----------------+-----
Stealth        | 3 4 |  4.4
Poison Magic   | 4 |  4.8
Transmutations | 2 |  2.6
Dodging        | 3 |  3.2
Spellcasting   | 3 |  3.1
Fighting       | |  0.8
Short Blades   | |  0.9
Conjurations   | |  0.8

Action                     |  1- 3 |  4- 6 || total
---------------------------+-------+-------++-------
  Melee: Dagger            |    45 |    97 ||   142
         Unarmed           |     1 |       ||     1
         Constrict         |     8 |    28 ||    36
         Tentacles         |     7 |    17 ||    24
         Punch             |     1 |     3 ||     4
   Cast: Sting             |    27 |     9 ||    36
         Mephitic Cloud    |       |     2 ||     2
         Poisonous Vapours |       |     3 ||     3
    Use: Scroll            |       |     5 ||     5
         Potion            |       |     4 ||     4
   Stab: Sleeping          |    13 |     8 ||    21
         Confused          |       |     1 ||     1
 Armour: Skin              |     1 |    12 ||    13
  Dodge: Dodged            |    24 |    72 ||    96

Table legend: (Time is in decaauts)
 A = Elapsed time spent in this place.
 B = Non-inter-level travel time spent in this place.
 C = Inter-level travel time spent in this place.
 D = Time resting spent in this place.
 E = Time spent auto-exploring this place.
 F = Levels seen in this place.
 G = Mean time per level.
                   A        B        C        D        E       F      G
               +--------+--------+--------+--------+--------+-----+--------+
         Total |   4399 |   4084 |    315 |    673 |   2057 |   5 |  879.8 |
       Dungeon |   4399 |   4084 |    315 |    673 |   2057 |   5 |  879.8 |
               +--------+--------+--------+--------+--------+-----+--------+

Top non-repeatable levels by time:
     D:4: 1322 daAuts
     D:2: 1137 daAuts
     D:3: 1077 daAuts
     D:1: 692 daAuts
     D:5: 170 daAuts
